 Dungeon Crawl Stone Soup version 0.32-a0-921-g04a7ad8e02 (webtiles) character file.

Game seed: 15136977880455804807

12019 droidenko the Brawler (level 11, -11/105 HPs)
             Began as a Troll Monk on Apr 12, 2024.
             Was an Elder of Wu Jian.
             Mangled by an eight-headed hydra (14 damage)
             ... on level 1 of the Lair of Beasts.
             The game lasted 00:42:25 (7760 turns).

droidenko the Brawler (Troll Monk)                  Turns: 7760, Time: 00:42:25

Health: -11/105    AC:  7    Str: 31    XL:     11   Next: 56%
Magic:  8/10       EV: 11    Int:  6    God:    Wu Jian [****..]
Gold:   586        SH:  0    Dex: 12    Spells: 8/10 levels left

rFire   . .          .
                       - Unarmed
rCold   . . .        c - orb {light}
rNeg    . . .        t - +0 steam dragon scales
rPois   .            (helmet restricted)
rElec   .            (no cloak)
rCorr   .            (gloves unavailable)
SInv    .            (boots unavailable)
Will    .....        j - amulet of regeneration
Stlth   +            y - +6 ring of strength
HPRegen 1.97/turn    (no ring)
MPRegen 0.12/turn

%: no passive effects
@: very slightly contaminated, glowing
A: large, unfitting armour, claws 3, regeneration 1, shaggy fur 1, tough skin 1
a: Renounce Religion, Wall Jump, Serpent's Lash


You were on level 1 of the Lair of Beasts.
You worshipped Wu Jian.
Wu Jian was greatly pleased with you.
You visited 3 branches of the dungeon, and saw 14 of its levels.

You collected 586 gold pieces.

Inventory:

Hand Weapons
 u - the +10 mace of Harmony {freeze, rPois Dex+5}
   (You found it on level 10 of the Dungeon)

   Dex+5:     It affects your dexterity (+5).
   rPois:     It protects you from poison.
Missiles
 E - a throwing net (quivered)
Armour
 c - an orb of light (worn)
 t - +0 steam dragon scales (worn)
 C - an orb of guile
Jewellery
 j - an amulet of regeneration (around neck)
 y - a +6 ring of strength (left claw)
 A - an amulet of reflection
Wands
 a - a wand of light (1)
 q - a wand of flame (17)
 D - a wand of charming (4)
Scrolls
 f - 4 scrolls of amnesia
 k - 3 scrolls of fear
 m - a scroll of fog {unknown}
 p - a scroll of immolation {unknown}
 s - a scroll of teleportation {unknown}
 v - 2 scrolls of enchant weapon {unknown}
 x - 2 scrolls of blinking {unknown}
Potions
 b - 2 potions of ambrosia
 d - 3 potions of brilliance
 e - 3 potions of curing
 g - 4 potions of mutation {unknown}
 h - a potion of invisibility {unknown}
 i - 6 potions of attraction
 l - 4 potions of enlightenment
 n - 2 potions of might {unknown}
 o - 2 potions of berserk rage {unknown}
 r - 3 potions of haste {unknown}
 w - 2 potions of cancellation {unknown}
 z - a potion of lignification {unknown}
 B - a potion of degeneration {unknown}


   Skills:
 + Level 5.7 Fighting
 + Level 6.9 Dodging
 + Level 15.8 Unarmed Combat


You had 8 spell levels left.
You knew the following spells:

 Your Spells              Type           Power      Damage    Failure   Level
a - Blink                 Tloc           0%         N/A       58%         2

Your spell library contained the following spells:

 Spells                   Type           Power      Damage    Failure   Level
 Foxfire                  Conj/Fire      0%         2x1d4     45%         1
 Freeze                   Ice            0%         1d3       45%         1
 Sting                    Conj/Alch      0%         1d3       45%         1
 Static Discharge         Conj/Air       0%         3-3/arc   58%         2
 Frozen Ramparts          Ice            0%         1d1       83%         3
 Hailstorm                Conj/Ice       0%         3d5       83%         3
 Sigil of Binding         Hex            0%         N/A       83%         3
 Tukima's Dance           Hex            0%         N/A       83%         3
 Dimensional Bullseye     Hex/Tloc       0%         N/A       99%         4
 Iskenderun's Mystic Bla Conj/Tloc 0%             2d3        (+2d1     99%         4
 Death Channel            Necr           0%         N/A       100%        6
 Sculpt Simulacrum        Ice/Alch       0%         N/A       100%        6
 Disjunction              Tloc           0%         N/A       100%        8


Dungeon Overview and Level Annotations

Branches:
Dungeon (11/15)            Temple (1/1) D:5            Lair (2/5) D:8
  Swamp: Lair:2-3    Shoals: Lair:2-3     Snake: Lair:2-3    Spider: Lair:2-3
    Orc: D:9-12

Altars:
Ashenzari
Cheibriados
Dithmenos
Elyvilon
Fedhas
Gozag
Hepliaklqana
Kikubaaqudgha
Makhleb
Nemelex Xobeh
Okawaru
Qazlal
Ru
Sif Muna
Trog
Uskayaw
Vehumet
Wu Jian
Xom
Yredelemnul
Zin
The Shining One

Shops:
D:7 *


Innate Abilities, Weirdness & Mutations

You are too large for most types of armour.
You have claws for hands.
Your natural rate of healing is unusually fast.
You are covered in fur. (AC +1)
You have tough skin. (AC +1)


Message History

The six-headed hydra grows two more!
You eviscerate the eight-headed hydra!!!
The eight-headed hydra is almost dead.
The eight-headed hydra barely misses you. x3
The eight-headed hydra bites you.
The eight-headed hydra bites you but does no damage.
The eight-headed hydra bites you.
The eight-headed hydra closely misses you. x2
The eight-headed hydra bites you.
The eight-headed hydra bites you but does no damage.
The eight-headed hydra bites you! The eight-headed hydra bites you. x2
The eight-headed hydra barely misses you.
The eight-headed hydra bites you but does no damage.
The eight-headed hydra barely misses you.
The eight-headed hydra attacks as it pursues you!
The eight-headed hydra bites you.
The eight-headed hydra barely misses you.
The eight-headed hydra bites you.
The eight-headed hydra bites you but does no damage.
The eight-headed hydra bites you!
* * * LOW HITPOINT WARNING * * *
The eight-headed hydra barely misses you.
The eight-headed hydra closely misses you.
The eight-headed hydra bites you but does no damage.
Casting: Blink (dangerous; 58% risk of failure)
Confirm with . or Enter, or press ? or * to list all spells.
You miscast Blink.
You are very lightly contaminated with residual magic.
Nothing appears to happen.
The eight-headed hydra bites you but does no damage.
The eight-headed hydra barely misses you. x2
The eight-headed hydra bites you!
* * * LOW HITPOINT WARNING * * *
The eight-headed hydra bites you!
* * * LOW HITPOINT WARNING * * *
The eight-headed hydra closely misses you.
The eight-headed hydra bites you!
* * * LOW HITPOINT WARNING * * *
The eight-headed hydra bites you!
You die...

.............#.........#.#
##.#..##.................#
.......P.....#....##....##
.............#....##...##
.............#....##...##
..................##....#
.......................##
.......#..........##...#
#.....##........@.#P...#
.....###.....#..D.###..#
......##.....##...###..###
.......#.....##..........#
.............PP..........#
...................#.#####
...................#.#
..............>....#.#
......##...........#.##


You could see an eight-headed hydra.

Vanquished Creatures
  Harold (Lair:1)
  A two-headed ogre (D:9)
  Pikel (D:7)
  Jeremiah (D:9)
  Maggie (D:6)
  4 cane toads
  A komodo dragon (Lair:1)
  3 trolls
  A polar bear (D:8)
  2 wyverns (D:9)
  Eustachio (D:5)
  A wraith (D:10)
  14 yaks
  4 vampire mosquitoes (D:10)
  An acid dragon (D:10)
  4 water moccasins
  2 sky beasts (D:7)
  3 ice beasts
  A black bear (D:4)
  3 orc warriors
  3 wolves (Lair:1)
  4 centaurs
  3 lemures (D:7)
  2 kobold brigands (D:9)
  Blork the orc (D:4)
  3 bullfrogs
  A scorpion (D:7)
  A gnoll sergeant (D:7)
  13 wights
  3 killer bees (D:9)
  2 howler monkeys
  An electric eel (D:7)
  A bombardier beetle (D:4)
  4 hounds
  2 jellies
  5 orc priests
  A gnoll bouda (D:8)
  4 sleepcaps
  2 iguanas
  7 orc wizards
  7 adders
  12 gnolls
  A white imp (D:6)
  2 ufetubi (D:6)
  5 dart slugs
  2 ribbon worms (D:2)
  26 orcs
  6 ball pythons
  7 endoplasms
  2 giant cockroaches
  3 goblins
  6 hobgoblins
  6 quokkas
  5 bats
  4 frilled lizards
  15 kobolds
  2 rats
224 creatures vanquished.

Notes
Turn   | Place    | Note
-------+----------+-------------------------------------------
     0 | D:1      | droidenko the Troll Monk began the quest for the Orb.
     0 | D:1      | Reached XP level 1. HP: 22/22 MP: 0/0
   135 | D:1      | Reached XP level 2. HP: 26/29 MP: 1/1
   639 | D:2      | Reached XP level 3. HP: 36/36 MP: 2/2
  1453 | D:3      | Reached skill level 4 in Unarmed Combat
  1453 | D:3      | Reached XP level 4. HP: 25/45 MP: 3/3
  1650 | D:3      | Reached XP level 5. HP: 53/53 MP: 4/4
  1710 | D:3      | Found a faded altar of an unknown god.
  1948 | D:4      | Noticed a black bear
  1957 | D:4      | Reached skill level 5 in Unarmed Combat
  1962 | D:4      | Killed a black bear
  1963 | D:4      | Reached XP level 6. HP: 55/61 MP: 5/5
  2218 | D:4      | Noticed Blork the orc
  2225 | D:4      | Killed Blork the orc
  2226 | D:4      | Reached skill level 6 in Unarmed Combat
  2525 | D:5      | Entered Level 5 of the Dungeon
  2539 | D:5      | Reached XP level 7. HP: 16/66 MP: 6/6
  2540 | D:5      | Reached skill level 7 in Unarmed Combat
  2601 | D:5      | Found a staircase to the Ecumenical Temple.
  2614 | Temple   | Entered the Ecumenical Temple
  2621 | Temple   | Became a worshipper of the Wu Jian Council
  2621 | Temple   | Reached * piety under Wu Jian
  2621 | Temple   | Reached ** piety under Wu Jian
  2836 | D:5      | Got the Compendium of Breath and Location
  2933 | D:5      | Noticed Eustachio
  2941 | D:5      | Killed Eustachio
  2942 | D:5      | Reached skill level 8 in Unarmed Combat
  3045 | D:5      | Reached XP level 8. HP: 78/78 MP: 7/7
  3303 | D:6      | Learned a level 2 spell: Blink
  3337 | D:6      | Reached skill level 9 in Unarmed Combat
  3392 | D:6      | Noticed Maggie
  3407 | D:6      | Killed Maggie
  3511 | D:6      | Found a bloodstained altar of Trog.
  3518 | D:6      | Reached skill level 10 in Unarmed Combat
  3530 | D:6      | Found a shimmering blue altar of Sif Muna.
  3536 | D:6      | Got Sif Muna's Encyclopedia of Calefaction and the Iliaster
  3612 | D:6      | Found a hide-covered altar of Uskayaw.
  3643 | D:6      | Reached XP level 9. HP: 80/84 MP: 8/8
  3807 | D:7      | Noticed Pikel
  3832 | D:7      | Killed Pikel
  3833 | D:7      | Reached skill level 11 in Unarmed Combat
  3875 | D:7      | Reached skill level 5 in Dodging
  3885 | D:7      | You fall into a shaft and drop 3 floors!
  3885 | D:10     | Entered Level 10 of the Dungeon
  3999 | D:10     | Noticed a troll
  4013 | D:10     | Killed a troll
  4101 | D:10     | Reached *** piety under Wu Jian
  4105 | D:10     | Reached skill level 12 in Unarmed Combat
  4177 | D:10     | Identified the +10 mace of Harmony {freeze, rPois Dex+5}
  4254 | D:10     | Reached XP level 10. HP: 85/94 MP: 9/9
  4500 | D:9      | Noticed a two-headed ogre
  4707 | D:9      | Reached skill level 13 in Unarmed Combat
  4765 | D:9      | Reached skill level 5 in Fighting
  5151 | D:7      | Reached **** piety under Wu Jian
  5173 | D:7      | Reached skill level 14 in Unarmed Combat
  5185 | D:7      | Found Gusseopp's Assorted Antiques.
  5681 | D:8      | Found a staircase to the Lair.
  6073 | Lair:1   | Entered Level 1 of the Lair of Beasts
  6090 | Lair:1   | Noticed a cane toad
  6097 | Lair:1   | Killed a cane toad
  6110 | Lair:1   | Noticed a cane toad
  6117 | Lair:1   | Killed a cane toad
  6118 | Lair:1   | Reached XP level 11. HP: 98/104 MP: 10/10
  6280 | Lair:1   | Noticed Harold
  6384 | D:9      | Killed a two-headed ogre
  6385 | D:9      | Reached skill level 15 in Unarmed Combat
  6428 | D:9      | Noticed Jeremiah
  6488 | D:9      | Killed Jeremiah
  6849 | D:10     | Found a white marble altar of Elyvilon.
  6971 | D:10     | Found a broken altar of Ashenzari.
  6979 | D:10     | Found a glowing silver altar of Zin.
  6985 | D:10     | Found a shimmering altar of Xom.
  7060 | D:11     | Noticed a deep elf pyromancer
  7223 | Lair:1   | Killed Harold
  7734 | Lair:2   | Noticed a six-headed hydra
  7760 | Lair:1   | HP: 3/105 [eight-headed hydra (15)]
  7760 | Lair:1   | Mangled by an eight-headed hydra

Illustrated notes

Levels and vault maps discovered:
D:1:      minmay_arrival_three_doors, layout_basic
D:2:      layout_basic
D:3:      layout_rooms, shapermc_ecumenical_altar_mp_urbaneastern,
          chequers_serial_rivers_micro_b
D:4:      layout_basic, uniq_blork_the_orc
D:5:      layout_basic, minmay_temple_entry_wispy, serial_bayou_lake_a,
          uniq_eustachio
D:6:      layout_gridville, nzn_overflow_gifts_of_might_and_magic,
          kennysheep_mini_moat, minmay_misc_feat_diagonals,
          minmay_misc_feat_tower, uniq_maggie
D:7:      layout_basic, serial_shops, nicolae_shop_advertising_works
          [nicolae_subvault_shop_adworks], serial_bayou_pond_b, uniq_pikel
D:8:      layout_cave_pods, lair_entry_dummy
D:9:      layout_rooms, nicolae_water_bricks, uniq_jeremiah
D:10:     layout_cave_pods, marbit_many_paths, minitemple
D:11:     layout_basic, serial_shops, nicolae_shop_drivethru, uniq_maurice,
          uniq_grum
Temple:   minmay_freezing_vapour_temple
Lair:1:   layout_gridlike, uniq_harold
Lair:2:   layout_gridlike, palyth_hydra_swamp_entry,
          minmay_snake_entry_six_corridors, nzn_ghost_randoct

Skill      XL: |  1  2  3  4  5  6  7  8  9 10 11 |
---------------+----------------------------------+-----
Dodging        | 3 4 5 6 |  6.9
Fighting       | 3 4 5 |  5.7
Unarmed Combat | 4 5 6 8 10 12 14 15 | 15.8

Action                     |  1- 3 |  4- 6 |  7- 9 | 10-12 || total
---------------------------+-------+-------+-------+-------++-------
  Melee: Unarmed           |    72 |    75 |   178 |   316 ||   641
 Invoke: Serpent's Lash    |       |       |     1 |       ||     1
Ability: Lunge             |       |       |     6 |    15 ||    21
         Whirlwind         |       |       |    16 |    69 ||    85
         Wall Jump         |       |       |     7 |    16 ||    23
    Use: Scroll            |       |     2 |     2 |     2 ||     6
         Potion            |       |       |     1 |     1 ||     2
   Stab: Sleeping          |     1 |       |       |       ||     1
 Armour: Robe              |    36 |    52 |    38 |       ||   126
         Steam dragon scal |       |       |    67 |   229 ||   296
  Dodge: Dodged            |    28 |    22 |    66 |   131 ||   247

Table legend: (Time is in decaauts)
 A = Elapsed time spent in this place.
 B = Non-inter-level travel time spent in this place.
 C = Inter-level travel time spent in this place.
 D = Time resting spent in this place.
 E = Time spent auto-exploring this place.
 F = Levels seen in this place.
 G = Mean time per level.
                   A        B        C        D        E       F      G
               +--------+--------+--------+--------+--------+-----+--------+
         Total |   7706 |   7373 |    333 |    137 |   5443 |  14 |  550.4 |
       Dungeon |   6872 |   6547 |    325 |    120 |   4871 |  11 |  624.7 |
        Temple |     14 |     14 |      0 |      0 |      0 |   1 |   14.0 |
          Lair |    819 |    811 |      8 |     17 |    572 |   2 |  409.5 |
               +--------+--------+--------+--------+--------+-----+--------+

Top non-repeatable levels by time:
    D:10: 1028 daAuts
     D:8: 906 daAuts
  Lair:1: 805 daAuts
     D:9: 744 daAuts
     D:2: 731 daAuts
     D:5: 705 daAuts
     D:4: 623 daAuts
     D:1: 582 daAuts
     D:3: 576 daAuts
     D:6: 559 daAuts
     D:7: 383 daAuts
    D:11: 32 daAuts
  Temple: 14 daAuts
  Lair:2: 14 daAuts
